 Dungeon Crawl Stone Soup version 0.31-a0-182-gc5ef74bbde (webtiles) character file.

Game seed: 7419177558429973222

4518 Maxmaps the Skirmisher (level 10, 0/70 HPs)
             Began as a Demonspawn Reaver on June 22, 2023.
             Was an Initiate of Gozag.
             Slain by Erica
             ... wielding a +4 scimitar of flaming
              (1 damage)
             ... on level 9 of the Dungeon.
             The game lasted 00:09:43 (7256 turns).

Maxmaps the Skirmisher (Demonspawn Reaver)          Turns: 7256, Time: 00:09:43

Health: 0/70       AC: 11    Str: 12    XL:     10   Next: 17%
Magic:  13/13      EV: 12    Int: 18    God:    Gozag
Gold:   416        SH:  0    Dex: 13    Spells: 12/13 levels left

rFire   . . .        j - +4 arbalest
rCold   . . .        (shield currently unavailable)
rNeg    . . .        B - +0 steam dragon scales
rPois   .            u - +1 helmet
rElec   .            x - +0 cloak
rCorr   .            (no gloves)
SInv    .            K - +0 pair of boots
Will    +....        q - amulet of regeneration
Stlth   +            o - ring of willpower
HPRegen 1.11/turn    (no ring)
MPRegen 0.13/turn

%: no passive effects
@: about to teleport, gold aura
A: hooves 1, rugged brown scales 2, foul stench 1, powered by death 2
a: Renounce Religion, Potion Petition, Call Merchant, Bribe Branch


You were on level 9 of the Dungeon.
You worshipped Gozag.
Gozag was aware of your devotion.
You visited 2 branches of the dungeon, and saw 10 of its levels.

You collected 595 gold pieces.
You spent 67 gold pieces at shops.
You paid 112 gold pieces to Gozag.

Inventory:

Hand Weapons
 a - a +0 falchion
 j - a +4 arbalest (weapon)
Armour
 u - a +1 helmet (worn)
 x - a +0 cloak (worn)
 B - +0 steam dragon scales (worn)
 K - a +0 pair of boots (worn)
Jewellery
 o - a ring of willpower (left hand)
 q - an amulet of regeneration (around neck)
 G - an amulet of the acrobat
Wands
 r - a wand of digging (5)
 H - a wand of roots (13)
 J - a wand of paralysis (20)
Scrolls
 d - 3 scrolls of poison
 k - a scroll of enchant armour
 l - 2 scrolls of fear
 p - a scroll of blinking
 s - a scroll of enchant weapon
 t - 2 scrolls of amnesia
 v - 3 scrolls of noise
 A - 3 scrolls of identify
Potions
 e - a potion of mutation {unknown}
 f - 2 potions of resistance
 g - 2 potions of lignification
 h - a potion of degeneration {unknown}
 i - a potion of cancellation {unknown}
 m - a potion of attraction {unknown}
 w - a potion of berserk rage {unknown}
 z - a potion of might {unknown}
 D - 2 potions of heal wounds {unknown}
 E - a potion of brilliance {unknown}
 I - a potion of haste {unknown}


   Skills:
 - Level 2.0 Fighting
 - Level 4.1 Long Blades
 + Level 13.1 Ranged Weapons
 - Level 1.7 Dodging
 - Level 2.0 Spellcasting
 - Level 3.0 Conjurations


You had 12 spell levels left.
You knew the following spells:

 Your Spells              Type           Power      Damage    Failure   Level
a - Kiss of Death         Conj/Necr      28%        2d7       10%         1

Your spell library contained the following spells:

 Spells                   Type           Power      Damage    Failure   Level
 Momentum Strike          Conj/Tloc      14%        3d8       14%         2
 Beastly Appendage        Tmut           2%         N/A       19%         1
 Freeze                   Ice            4%         1d3       19%         1
 Wereblood                Tmut           1%         N/A       26%         2
 Hailstorm                Conj/Ice       7%         3d4       28%         3
 Frozen Ramparts          Ice            2%         1d1       47%         3
 Inner Flame              Hex/Fire       1%         N/A       47%         3
 Ozocubu's Armour         Ice            1%         N/A       47%         3
 Spider Form              Tmut/Pois      1%         N/A       47%         3
 Irradiate                Conj/Tmut      3%         3d12      95%         5
 Blade Hands              Tmut           0%         N/A       99%         5
 Metabolic Englaciation   Hex/Ice        0%         N/A       99%         5
 Yara's Violent Unravell  Hex/Tmut       0%         3d3       99%         5
 Dragon Form              Tmut           0%         N/A       100%        7
 Enfeeble                 Hex            0%         N/A       100%        7
 Simulacrum               Ice/Necr       Unusable   N/A       N/A         6

Dungeon Overview and Level Annotations

Branches:
Dungeon (9/15)             Temple (1/1) D:7            Lair (0/5) D:8
    Orc: D:9-12

Altars:
Ashenzari
Cheibriados
Dithmenos
Fedhas
Gozag
Hepliaklqana
Kikubaaqudgha
Makhleb
Nemelex Xobeh
Okawaru
Qazlal
Ru
Sif Muna
Trog
Uskayaw
Vehumet
Wu Jian
Xom
Yredelemnul

Shops:
D:9 *(

Annotations:
D:9 Erica


Innate Abilities, Weirdness & Mutations

You have large cloven feet.
You are mostly covered in rugged brown scales. (AC +2, +5% HP)
You may rarely emit foul miasma when damaged in melee.
You regenerate health from kills.


Message History

The orc warrior attacks as you move away!
The orc warrior closely misses you.
The orc warrior hits you with a +0 hand axe!
The orc priest invokes the aid of Beogh against you.
Beogh smites you!
You shoot a bolt. The bolt hits the orc warrior!
The orc warrior is heavily wounded.
The orc warrior hits you with a +0 hand axe.
You shoot a bolt.
The bolt closely misses the orc warrior.
The orc warrior closely misses you.
The orc warrior hits you with a +0 hand axe!
You shoot a bolt. The bolt hits the orc warrior!
The orc warrior is severely wounded.
The orc warrior hits you but does no damage.
You shoot a bolt. The bolt hits the orc warrior!
You kill the orc warrior!
Okay, then.
You shoot a bolt. The bolt hits the orc priest!
You kill the orc priest!
You hear some strange, mumbled words.
A bolt of poison appears from out of thin air!
The bolt of poison hits you!!
You are poisoned.
* * * LOW HITPOINT WARNING * * *
You feel better. Something hits you! Something burns you.
* * * LOW HITPOINT WARNING * * *
As you read the scroll of teleportation, it crumbles to dust.
You feel strangely unstable. Something hits you!
* * * LOW HITPOINT WARNING * * *
Something burns you.
* * * LOW HITPOINT WARNING * * *
Unknown command.
You can't see any enemies this would affect, really read the scroll of fear?
As you read the scroll of fear, it crumbles to dust.
You assume a fearsome visage.
Nothing appears to happen.
Something hits you!
* * * LOW HITPOINT WARNING * * *
Something burns you.
You die...
Your body crumbles into a pile of gold.

#.###.##### *,,,,,* *
#.........# ***+***
#####'##### #.* #.#
#.####### ###.#
##........ #...#
#...#...#. ##'####
#####+#..#.#..
#.....#####.........∩...
#.....'@{.#......).#.#..
#.>...###$#.......#...#.
#.....# #.#.............
#.....# #.o.o$.....###..
#.....# ###.....(..# ###
#.....# #.∩......# #
#.....# ######'###
##+#### *,,,* *,* *,***


There were no monsters in sight!

Vanquished Creatures
  Gastronok (D:8)
  Pikel (D:8)
  Maggie (D:6)
  Grinder (D:5)
  Prince Ribbit (D:8)
  Sigmund (D:6)
  A steam dragon (D:9)
  A water moccasin (D:6)
  2 sky beasts (D:6)
  3 ice beasts
  An orc warrior (D:9)
  An ogre (D:6)
  A black bear (D:7)
  A centaur (D:8)
  2 lemures (D:8)
  2 bullfrogs
  A jelly (D:5)
  5 wights
  4 orc priests
  2 hounds (D:5)
  Crazy Yiuf (D:6)
  Natasha (D:3)
  6 iguanas
  5 orc wizards
  11 adders
  An ufetubus (D:7)
  2 worms (D:5)
  5 dart slugs
  35 orcs
  9 endoplasms
  4 giant cockroaches
  17 goblins
  10 hobgoblins
  4 jackals (D:4)
  2 quokkas
  9 ball pythons
  7 bats
  2 frilled lizards
  6 kobolds
  6 rats
176 creatures vanquished.

Notes
Turn   | Place    | Note
-------+----------+-------------------------------------------
     0 | D:1      | Maxmaps the Demonspawn Reaver began the quest for the Orb.
     0 | D:1      | Reached XP level 1. HP: 16/16 MP: 3/3
   243 | D:1      | Gained mutation: You may rarely emit foul miasma when
                  | damaged in melee. [demonic ancestry]
   243 | D:1      | Reached XP level 2. HP: 22/22 MP: 5/5
   809 | D:2      | Gained mutation: You have large cloven feet. [demonic
                  | ancestry]
   809 | D:2      | Reached XP level 3. HP: 18/27 MP: 6/6
  1139 | D:2      | Reached skill level 1 in Ranged Weapons
  1145 | D:2      | Found a faded altar of an unknown god.
  1149 | D:2      | Gained mutation: You regenerate a little health from kills.
                  | [demonic ancestry]
  1149 | D:2      | Reached XP level 4. HP: 33/33 MP: 7/7
  1174 | D:2      | HP: 1/33 [dart slug/slug dart (3)]
  1830 | D:3      | Reached skill level 2 in Ranged Weapons
  1858 | D:3      | Noticed Natasha
  2301 | D:3      | Reached XP level 5. HP: 38/38 MP: 8/8
  2304 | D:3      | Reached skill level 3 in Ranged Weapons
  2596 | D:3      | Killed Natasha
  2915 | D:4      | Found a burning altar of Makhleb.
  2942 | D:4      | Reached skill level 4 in Ranged Weapons
  3490 | D:5      | Entered Level 5 of the Dungeon
  3491 | D:5      | Noticed Grinder
  3499 | D:5      | Killed Grinder
  3500 | D:5      | Reached skill level 5 in Ranged Weapons
  3500 | D:5      | Reached XP level 6. HP: 44/44 MP: 9/9
  3621 | D:5      | Noticed an ice beast
  3627 | D:5      | Killed an ice beast
  3628 | D:5      | Reached skill level 6 in Ranged Weapons
  3628 | D:5      | Gained mutation: You are partially covered in rugged brown
                  | scales. (AC +1, +3% HP) [demonic ancestry]
  3628 | D:5      | Reached XP level 7. HP: 30/51 MP: 10/10
  3987 | D:5      | Reached skill level 7 in Ranged Weapons
  4472 | D:6      | Gained mutation: You regenerate health from kills. [demonic
                  | ancestry]
  4472 | D:6      | Reached XP level 8. HP: 57/57 MP: 11/11
  4493 | D:6      | Reached skill level 8 in Ranged Weapons
  4600 | D:6      | Found a basalt altar of Yredelemnul.
  4618 | D:6      | Noticed Maggie
  4631 | D:6      | Killed Maggie
  4632 | D:6      | Reached skill level 9 in Ranged Weapons
  4908 | D:6      | Reached skill level 10 in Ranged Weapons
  4956 | D:6      | Noticed Sigmund
  4977 | D:6      | Killed Sigmund
  4995 | D:6      | Gained mutation: You are mostly covered in rugged brown
                  | scales. (AC +2, +5% HP) [demonic ancestry]
  4995 | D:6      | Reached XP level 9. HP: 57/64 MP: 12/12
  5101 | D:6      | Found a runed translucent door.
  5102 | D:6      | Noticed Crazy Yiuf
  5250 | D:6      | Killed Crazy Yiuf
  5257 | D:6      | Identified the +6 hammer of Doubt {flame, Fragile rN+ Int-4
                  | Dex+4}
  5373 | D:7      | Found a staircase to the Ecumenical Temple.
  5415 | Temple   | Entered the Ecumenical Temple
  5523 | Temple   | Became a worshipper of Gozag Ym Sagoz the Greedy
  5860 | D:7      | Found a bloodstained altar of Trog.
  6295 | D:7      | Reached skill level 11 in Ranged Weapons
  6613 | D:8      | Noticed Gastronok
  6630 | D:8      | Killed Gastronok
  6631 | D:8      | Reached skill level 12 in Ranged Weapons
  6731 | D:8      | Noticed a troll
  6731 | D:8      | Noticed a two-headed ogre
  6966 | D:8      | Found a staircase to the Lair.
  7015 | D:8      | Noticed Pikel
  7030 | D:8      | Killed Pikel
  7031 | D:8      | Reached XP level 10. HP: 70/70 MP: 13/13
  7042 | D:8      | Noticed Prince Ribbit
  7047 | D:8      | Killed Prince Ribbit
  7063 | D:8      | Found a shimmering blue altar of Sif Muna.
  7153 | D:9      | Found Ydobaipn's Weapon Emporium.
  7170 | D:9      | Reached skill level 13 in Ranged Weapons
  7175 | D:9      | Found Xatratup's General Store.
  7183 | D:9      | Bought a +0 pair of boots for 67 gold pieces
  7241 | D:9      | Noticed Erica
  7256 | D:9      | HP: 1/70 [something (7)]
  7256 | D:9      | Slain by Erica

Illustrated notes

Levels and vault maps discovered:
D:1:      dpeg_arrival_shelter, layout_basic
D:2:      layout_rooms, nicolae_ecumenical_snake_handling, minmay_goblin_outpost
D:3:      kb_forest_paths, layout_basic, serial_co_window_serial,
          co_window_of_opportunity_a, co_window_paths_a, co_window_paths_a,
          co_window_corner_a, co_window_paths_a, co_window_corner_b,
          co_window_of_opportunity_b, co_window_cross_2, glass_columns_c,
          glass_columns_a, glass_columns_b, glass_columns_b,
          dreamdust_mushroom_princess, uniq_natasha
D:4:      layout_gridville, mainiacjoe_overflow_brackets
D:5:      layout_rooms, serial_co_window_serial, co_window_corner_a,
          co_window_corner_a, co_window_of_opportunity_a, co_window_paths_a,
          co_window_paths_a, co_window_corner_b, co_window_corner_ca,
          co_window_unsneaky_path_a, co_window_4corner_a, co_window_sun,
          glass_columns_b, glass_columns_a, glass_columns_c, glass_columns_a,
          glass_columns_b, kennysheep_generic_room_4, uniq_grinder
D:6:      layout_cave_pools, mainiacjoe_overflow_catwalk, minmay_misc_feat_chi,
          mrwooster_statue_mirror, grunt_ministairs_4, uniq_sigmund,
          uniq_maggie, uniq_crazy_yiuf_cottage
D:7:      layout_loops_corners, mainiacjoe_overflow_chevrons,
          minmay_temple_entry_butterflies, chequers_serial_rivers_micro_c
D:8:      layout_loops_ring, nicolae_sif_muna_condensation, lair_entry_dummy,
          lightli_corner_chamber, uniq_pikel, uniq_prince_ribbit1,
          uniq_gastronok
D:9:      layout_roguey, serial_shops, shop, shop, shop,
          nicolae_shop_advertising_works [nicolae_subvault_shop_adworks],
          minmay_bent, uniq_erica, uniq_maurice, uniq_psyche
Temple:   regret_index_temple_mists

Skill      XL: |  1  2  3  4  5  6  7  8  9 10 |
---------------+-------------------------------+-----
Long Blades    | 3 4 |  4.1
Ranged Weapons | 1 2 5 6 7 10 12 13 | 13.1
Fighting       | |  2.0
Dodging        | |  1.7
Spellcasting   | |  2.0
Conjurations   | |  3.0

Action                     |  1- 3 |  4- 6 |  7- 9 | 10-12 || total
---------------------------+-------+-------+-------+-------++-------
  Melee: Falchion          |    75 |       |       |       ||    75
         Kick              |     8 |       |       |       ||     8
   Fire: Arbalest          |    26 |   134 |   267 |    18 ||   445
    Use: Potion            |       |     1 |     2 |     1 ||     4
         Scroll            |       |       |     5 |     9 ||    14
 Armour: Leather armour    |    30 |    26 |    44 |       ||   100
         Steam dragon scal |       |       |    28 |     2 ||    30
  Dodge: Dodged            |    66 |    70 |   115 |     3 ||   254

Table legend: (Time is in decaauts)
 A = Elapsed time spent in this place.
 B = Non-inter-level travel time spent in this place.
 C = Inter-level travel time spent in this place.
 D = Time resting spent in this place.
 E = Time spent auto-exploring this place.
 F = Levels seen in this place.
 G = Mean time per level.
                   A        B        C        D        E       F      G
               +--------+--------+--------+--------+--------+-----+--------+
         Total |   7573 |   7127 |    446 |    336 |   5443 |  10 |  757.3 |
       Dungeon |   7359 |   6953 |    406 |    336 |   5291 |   9 |  817.7 |
        Temple |    213 |    173 |     40 |      0 |    152 |   1 |  213.0 |
               +--------+--------+--------+--------+--------+-----+--------+

Top non-repeatable levels by time:
     D:3: 1119 daAuts
     D:6: 1028 daAuts
     D:5: 1019 daAuts
     D:2: 917 daAuts
     D:7: 898 daAuts
     D:1: 821 daAuts
     D:4: 745 daAuts
     D:8: 703 daAuts
  Temple: 213 daAuts
     D:9: 106 daAuts
